Map: Dusk Towers

Players

Spagooder

  • Race: Terran Terran
  • League: Gold

gameman - Winner!

  • Race: Zerg Zerg
  • League: Platinum

VOD

Have the link to the VOD?

Description

Time

  • Played on: Feb. 22, 2016, 4:43 a.m.
  • Length: 20:41
Show
View Real Time Build Order
Export as new Build Order

Spagooder Terran 

Build Orders: Bio Tank 

Get SALT Encoding   

  12  0:01  SCV  
  13  0:14  SCV  
  14  0:18  Supply Depot  
  14  0:26  SCV  
  15  0:40  SCV, Barracks  
  16  0:45  Refinery  
  16  0:52  SCV  
  18  1:04  SCV  
  18  1:16  SCV  
  19  1:32  Orbital Command  
  19  1:36  Barracks Reactor  
  19  1:47  Command Center  
  19  1:49  Supply Depot  
  19  1:56  Refinery  
  19  1:58  SCV  
  20  2:10  SCV  
  20  2:13  Reaper x2  
  23  2:22  SCV  
  24  2:24  Barracks  
  24  2:34  SCV  
  25  2:45  Reaper x2  
  25  2:46  SCV  
  25  2:49  Barracks  
  28  2:58  SCV  
  28  3:00  Factory  
  28  3:04  Orbital Command  
  29  3:22  SCV  
  29  3:25  Refinery  
  32  3:27  Reaper x2  
  32  3:30  Barracks Tech Lab  
  32  3:33  SCV  
  32  3:34  SCV  
  34  3:41  Marine  
  34  3:45  SCV  
  34  3:47  Supply Depot, Factory Tech Lab  
  36  3:59  Stimpack  
  33  4:36  Marine x4  
  33  4:37  Siege Tank  
  40  4:41  Starport  
  40  4:48  Engineering Bay, SCV x2  
  42  4:54  Marine x4  
  46  5:00  SCV x2, Refinery  
  48  5:10  Siege Tank  
  48  5:12  SCV x2  
  53  5:22  Marine  
  53  5:26  Supply Depot, Terran Infantry Weapons Level 1, Starport Reactor  
  53  5:27  Marine x3  
  57  5:28  SCV  
  57  5:29  SCV  
  59  5:40  SCV  
  59  5:41  Marine, SCV  
  62  5:48  Marine x3  
  65  5:51  Supply Depot  
  65  5:52  Supply Depot  
  65  5:53  SCV x2  
  67  5:59  Combat Shields  
  67  6:04  Marine  
  67  6:05  Barracks  
  67  6:06  Barracks, Medivac  
  70  6:12  Siege Tank, Medivac  
  70  6:14  Supply Depot  
  75  6:19  Marine x3  
  75  6:22  Marine  
  79  6:27  SCV x2  
  81  6:36  Medivac  
  81  6:39  SCV x2  
  85  6:41  Supply Depot  
  85  6:42  Medivac  
  85  6:44  Siege Tank  
  85  6:45  Marine x2  
  85  6:46  Marine  
  85  6:47  Marine  
  94  7:03  Marine x3  
  94  7:04  Supply Depot  
  94  7:06  Marine  
  94  7:07  Marine  
  99  7:16  Marine  
  99  7:17  Medivac  
  99  7:21  Command Center  
  102  7:24  Terran Infantry Armor Level 1  
  102  7:26  Marine x2, Siege Tank, SCV  
  100  7:50  Marine  
  100  7:51  Marine x5  
  104  7:52  Medivac x2  
  104  7:58  Siege Tank  
  101  8:08  Marine x3  
  101  8:09  Marine  
  96  8:23  Marine x2  
  89  8:30  Siege Tank  
  89  8:31  Marine x2  
  89  8:32  Marine x2  
  89  8:33  Orbital Command  
  98  8:41  Marine  
  95  8:44  Marine  
  95  8:45  Concussive Shells  
  95  8:48  SCV x2  
  98  8:49  Marine  
  98  8:50  Armory  
  96  9:00  SCV x2  
  96  9:02  Marine x3, Siege Tank  
  101  9:03  Marine x2  
  101  9:06  SCV  
  101  9:07  Marine  
  101  9:09  Missile Turret  
  108  9:10  Missile Turret  
  108  9:11  Missile Turret  
  108  9:12  SCV x2  
  108  9:14  Liberator x2  
  108  9:15  Missile Turret  
  110  9:24  Marine x4  
  110  9:25  Marine  
  110  9:26  SCV  
  110  9:27  SCV x2  
  124  9:39  SCV x3  
  124  9:43  Marine x5  
  124  9:44  Marine  
  133  9:47  Terran Infantry Weapons Level 2  
  133  9:53  Engineering Bay  
  133  9:57  SCV x3  
  136  10:00  Liberator  
  136  10:09  Marine x5  
  136  10:13  Missile Turret  
  141  10:14  Missile Turret  
  141  10:16  Supply Depot x2, Marine, Siege Tank  
  148  10:23  Terran Infantry Armor Level 2  
  148  10:27  Marine  
  149  10:31  Liberator  
  149  10:37  Marine x2  
  149  10:38  Marine x3  
  154  10:44  Marine, SCV x2  
  154  10:45  SCV  
  154  10:47  Refinery  
  154  10:49  Siege Tank, Refinery  
  156  11:19  Marine x6  
  156  11:21  Siege Tank  
  156  11:24  Medivac  
  164  11:31  Medivac  
  143  11:37  Marine  
  120  11:54  Marine x5  
  120  11:55  Marine  
  120  11:56  SCV  
  120  11:57  SCV  
  120  11:59  Command Center  
  128  12:07  Terran Infantry Weapons Level 3  
  128  12:09  Barracks  
  128  12:10  Barracks, Medivac x2  
  128  12:12  Marine x4, Siege Tank  
  139  12:27  Liberator x2  
  139  12:41  Marine x6  
  148  12:45  Siege Tank, SCV x3  
  157  12:59  Barracks Reactor, Marine x2  
  157  13:01  Terran Infantry Armor Level 3  
  159  13:06  Barracks Reactor  
  159  13:09  Barracks  
  159  13:26  Liberator x2  
  156  13:40  Marine x3  
  156  13:41  Marine x5  
  155  13:42  SCV x3  
  155  13:45  Orbital Command  
  155  13:47  Marine x2  
  166  13:51  Terran Ship Weapons Level 1  
  166  13:54  SCV  
  167  13:58  Barracks Reactor, Marine x5  
  161  14:03  Siege Tank  
  161  14:09  Liberator  
  164  14:12  Marine x2  
  164  14:13  Orbital Command, Marine x3  
  164  14:16  Marine  
  165  14:45  Marine x3  
  137  14:46  Marine x4  
  137  14:48  Liberator  
  137  14:52  Liberator, Marine x3  
  114  15:03  Marine x4  
  114  15:04  Marine x2, Siege Tank  
  124  15:10  Marine x3  
  124  15:11  Marine x2  
  125  15:23  Orbital Command  
  125  15:30  Marine x5  
  125  15:31  Liberator, Marine x3  
  125  15:32  Marine x4  
  137  15:36  Siege Tank  
  140  15:48  Marine x6, Command Center  
  140  15:49  Marine, Refinery  
  150  15:50  Terran Ship Weapons Level 2  
  150  15:53  Marine x4  
  150  15:54  Marine  
  155  16:04  Refinery  
  155  16:06  Marine x2  
  155  16:08  Siege Tank  
  155  16:09  Marine x3  
  155  16:10  Marine x2  
  155  16:11  Marine x2  
  165  16:12  Marine x3  
  154  16:20  SCV x3  
  154  16:23  Marine x2  
  159  16:27  Marine x4  
  159  16:28  Marine  
  159  16:32  SCV x2  
  162  16:38  Marine x4  
  165  16:43  Marine, SCV  
  165  16:49  SCV  
  126  17:02  Marine x4  
  126  17:03  Marine x6  
  126  17:08  Marine x2  
  126  17:20  Marine x2  
  128  17:23  Orbital Command  
  125  17:41  Marine  
  125  17:42  Marine x2  
  114  17:58  Marine x2  
  114  18:11  Marine x2  
  74  18:41  Marine x3  
  77  19:01  Orbital Command  
  74  19:32  Marine  
  74  19:33  Marine  
  74  19:56  Marine x3  
  74  19:57  Marine x2  
  72  20:13  Marine x6  
  76  20:24  SCV  
  76  20:25  SCV x2  
Show
View Real Time Build Order
Export as new Build Order

gameman Zerg - Winner!

Build Orders: Hatch First, Muta Ling Bane 

Get SALT Encoding   

  12  0:01  Drone  
  13  0:12  Overlord  
  13  0:18  Drone  
  14  0:32  Drone x2  
  14  0:35  Drone  
  17  0:56  Hatchery  
  16  0:57  Drone  
  16  1:03  Drone  
  18  1:07  Extractor  
  17  1:19  Spawning Pool  
  17  1:20  Drone  
  17  1:23  Drone  
  19  1:32  Drone  
  19  1:39  Drone  
  20  1:49  Overlord  
  20  2:06  Zergling x2  
  20  2:07  Queen  
  23  2:08  Queen  
  23  2:10  Zergling x2  
  23  2:15  Metabolic Boost  
  26  2:20  Drone x2  
  28  2:24  Overlord  
  28  2:44  Queen  
  30  2:56  Queen  
  32  3:02  Drone x6  
  38  3:12  Hatchery  
  35  3:20  Zergling x6  
  35  3:21  Zergling x2  
  39  3:33  Extractor  
  38  3:41  Spore Crawler  
  37  3:42  Spore Crawler  
  37  3:43  Drone x3  
  37  3:44  Drone  
  37  3:45  Drone  
  41  3:57  Zergling x6  
  41  3:59  Overlord  
  42  4:11  Zergling x4  
  42  4:12  Zergling x2  
  42  4:13  Overlord  
  40  4:33  Zergling x4  
  40  4:34  Zergling x4  
  41  4:39  Drone  
  41  4:40  Drone x9  
  51  4:48  Lair  
  51  5:06  Baneling Nest  
  50  5:07  Evolution Chamber  
  50  5:09  Evolution Chamber  
  48  5:28  Drone x5  
  51  5:29  Drone x2  
  55  5:40  Extractor  
  54  5:43  Zerg Ground Armor Level 1, Zerg Melee Weapons Level 1  
  54  5:46  Extractor  
  54  5:49  Drone x3  
  56  5:50  Centrifical Hooks  
  56  5:55  Drone  
  57  5:59  Overlord x2  
  57  6:09  Spire  
  57  6:10  Overlord  
  57  6:11  Overlord  
  56  6:17  Overlord x2  
  56  6:19  Drone x2  
  56  6:22  Drone  
  56  6:24  Overseer  
  56  6:25  Overlord  
  59  6:27  Overlord  
  59  6:29  Overlord  
  59  6:37  Baneling x4  
  59  6:38  Baneling x3  
  59  6:46  Baneling x4  
  59  6:56  Drone x4  
  59  6:57  Drone x4  
  59  6:59  Drone x3  
  70  7:06  Overseer  
  70  7:15  Extractor, Zergling x2  
  69  7:16  Zergling x8, Extractor, Spore Crawler  
  72  7:25  Spine Crawler  
  69  7:39  Baneling x3  
  63  7:49  Baneling  
  63  7:50  Baneling x7  
  60  7:53  Zergling x2  
  60  7:55  Zergling x2  
  60  7:58  Zergling x2  
  60  7:59  Zergling x18  
  69  8:07  Mutalisk x2  
  64  8:22  Mutalisk x3  
  66  8:34  Hatchery  
  66  8:35  Baneling x3  
  66  8:37  Drone x5  
  66  8:38  Drone x3  
  73  8:54  Mutalisk x3  
  74  9:10  Hatchery  
  73  9:17  Hatchery  
  73  9:18  Zerg Melee Weapons Level 2, Zerg Ground Armor Level 2  
  73  9:21  Zergling x2  
  73  9:22  Infestation Pit, Zergling x8  
  76  9:29  Drone  
  77  9:37  Drone x2  
  79  9:46  Drone x2, Extractor  
  79  9:47  Drone  
  79  9:49  Queen  
  83  9:58  Drone x5  
  83  9:59  Drone x2  
  90  10:12  Zerg Flyer Weapons Level 1  
  90  10:15  Hive  
  90  10:17  Drone  
  90  10:20  Drone  
  90  10:21  Drone x4  
  96  10:25  Queen, Baneling  
  96  10:26  Baneling x3  
  98  10:36  Zergling x2  
  98  10:37  Zergling x12  
  98  10:41  Baneling x3  
  98  10:42  Baneling x3  
  103  11:07  Baneling  
  103  11:08  Baneling x13  
  103  11:10  Zergling x2  
  87  11:11  Zergling x2  
  87  11:12  Zergling x30  
  100  11:31  Corruptor x3  
  100  11:32  Corruptor x4  
  100  11:59  Ultralisk Cavern  
  99  12:09  Baneling x3  
  99  12:10  Baneling  
  99  12:12  Drone x3  
  99  12:14  Overlord x4  
  102  12:21  Overlord x2  
  102  12:22  Overlord x4  
  102  12:25  Zerg Flyer Weapons Level 2  
  102  12:41  Extractor  
  102  12:42  Extractor  
  100  12:47  Chitinous Plating  
  100  12:48  Ultralisk x3  
  100  12:50  Drone x2  
  100  12:51  Drone  
  121  12:53  Queen  
  121  12:55  Hatchery  
  122  13:11  Ultralisk x2  
  122  13:37  Ultralisk x3  
  122  13:38  Drone x3  
  122  13:40  Drone  
  128  13:55  Drone x5  
  132  14:09  Drone  
  133  14:10  Drone x5  
  133  14:15  Extractor  
  137  14:21  Drone  
  137  14:22  Drone x4  
  102  15:03  Ultralisk  
  102  15:04  Ultralisk x3  
  113  15:14  Zergling x10  
  113  15:15  Zergling x6  
  112  15:32  Zergling x2  
  112  15:33  Zergling x20  
  121  15:36  Baneling x3  
  121  15:37  Baneling  
  121  15:50  Baneling  
  121  15:51  Baneling x5  
  121  16:02  Baneling x2  
  121  16:03  Baneling x6  
  121  16:09  Ultralisk  
  125  16:30  Corruptor x3  
  125  16:31  Corruptor x2  
  135  16:38  Queen  
  107  17:02  Zergling x22  
  107  17:03  Zergling x4  
  119  17:18  Ultralisk  
  117  17:40  Greater Spire  
  111  18:09  Spawning Pool  
  111  18:11  Evolution Chamber  
  109  18:15  Evolution Chamber  
  78  18:46  Ultralisk Cavern  
  77  18:58  Hatchery  
  76  19:23  Baneling Nest  
  68  19:32  Brood Lord x3  
  68  19:33  Brood Lord x4  
  68  19:38  Ultralisk x4  
  88  19:41  Zergling x2  
  88  19:42  Zergling x16  
  114  19:57  Ultralisk x2  
  126  20:07  Baneling x4  
  124  20:18  Zergling x2  
  124  20:19  Zergling x20  
  135  20:29  Extractor x2  
Tags
 
Add a new tag
Caveats
  • Supply blocks, unpowered buildings, or Contaminate may cause inaccurate times.
  • Supply counts are checked every 10 seconds.